 Dungeon Crawl Stone Soup version 0.31.0-1-g2c135a0 (webtiles) character file.

Game seed: 11472790868241408049

15520 samcosmo the Thaumaturge (level 12, 0/72 HPs)
             Began as a Deep Elf Alchemist on Mar 18, 2024.
             Was an Elder of Sif Muna.
             Slain by a seven-headed hydra (5 damage)
             ... on level 2 of the Lair of Beasts.
             The game lasted 00:57:58 (15230 turns).

samcosmo the Thaumaturge (Deep Elf Alchemist)      Turns: 15230, Time: 00:57:59

Health: 0/72       AC: 13    Str:  5    XL:     12   Next: 2%
Magic:  31/31      EV: 19    Int: 26    God:    Sif Muna [****..]
Gold:   921        SH:  0    Dex: 18    Spells: 23/37 levels left

rFire   + . .        E - staff of conjuration
rCold   + . .        (no shield)
rNeg    . . .        H - +2 robe {rC+}
rPois   +            C - +1 helmet
rElec   .            J - +2 cloak
rCorr   +            w - +2 pair of gloves
SInv    .            p - +0 pair of boots of Fun and Games {rPois rCorr Dex+3}
Will    ++...        (no amulet)
Stlth   ++           x - ring of willpower
HPRegen 0.32/turn    M - ring of protection from fire
MPRegen 0.22/turn

%: no passive effects
@: no status effects
A: no striking features
a: Renounce Religion, Channel Magic, Forget Spell, Divine Exegesis


You were on level 2 of the Lair of Beasts.
You worshipped Sif Muna.
Sif Muna was greatly pleased with you.
You visited 4 branches of the dungeon, and saw 14 of its levels.
You also visited: Sewer.

You collected 921 gold pieces.

Inventory:

Hand Weapons
 d - a +4 short sword
 f - a +1 dagger of draining
Missiles
 D - 2 throwing nets
Armour
 a - a +0 robe
 k - a +2 cloak
 p - the +0 pair of boots of Fun and Games (worn) {rPois rCorr Dex+3}
   (You found it on level 1 of the Lair of Beasts)

   Dex+3:     It affects your dexterity (+3).
   rPois:     It protects you from poison rCorr: It protects you from acid and
   corrosion.
 w - a +2 pair of gloves (worn)
 C - a +1 helmet (worn)
 H - a +2 robe of cold resistance (worn)
 J - a +2 cloak (worn)
 L - an orb of guile
Magical Staves
 E - a staff of conjuration (weapon)
Jewellery
 x - a ring of willpower (left hand)
 F - a ring of wizardry
 M - a ring of protection from fire (right hand)
 N - a ring of wizardry
Wands
 m - a wand of digging (6)
 z - a wand of flame (31)
 G - a wand of iceblast (18)
 K - a wand of light (18)
Scrolls
 n - 7 scrolls of teleportation
 o - a scroll of fog
 u - 2 scrolls of revelation
 v - 2 scrolls of immolation
 y - 2 scrolls of vulnerability
 A - a scroll of poison
 B - a scroll of enchant weapon
 I - 2 scrolls of summoning
 O - a scroll of fear
 P - a scroll of silence
Potions
 b - a potion of magic
 c - a potion of heal wounds
 e - 8 potions of curing
 g - 2 potions of mutation
 i - 4 potions of berserk rage
 j - 2 potions of brilliance
 l - 6 potions of attraction
 q - 2 potions of might
 r - a potion of haste
 s - 2 potions of invisibility
 t - a potion of cancellation


   Skills:
 + Level 7.3 Fighting
 + Level 10.8 Dodging
 - Level 2.4 Stealth
 + Level 13.1 Spellcasting
 - Level 1.1 Conjurations
 + Level 5.3 Fire Magic
 - Level 11.0 Alchemy
 - Level 5.0 Invocations


You had 23 spell levels left.
You knew the following spells:

 Your Spells              Type           Power      Damage    Failure   Level
a - Sting                 Conj/Alch      100%       1d9       1%          1
b - Mercury Vapours       Alch/Air       90%        N/A       1%          2
c - Mephitic Cloud        Conj/Alch/Air  54%        N/A       1%          3
d - Sticky Flame          Fire/Alch      56%        2d10      1%          4
e - Olgreb's Toxic Radia  Alch           65%        N/A       1%          4

Your spell library contained the following spells:

 Spells                   Type           Power      Damage    Failure   Level
 Static Discharge         Conj/Air       58%        3-6/arc   4%          2
 Ozocubu's Armour         Ice            17%        N/A       10%         3
 Airstrike                Air            8%         2d(2-18)  32%         4
 Summon Lightning Spire   Summ/Air       17%        N/A       32%         4
 Sculpt Simulacrum        Ice/Alch       22%        N/A       47%         6
 Metabolic Englaciation   Hex/Ice        8%         N/A       67%         5


Dungeon Overview and Level Annotations

Branches:
Dungeon (10/15)            Temple (1/1) D:6            Lair (2/5) D:8
    Orc (1/2) D:9           Sewer (visited)
  Swamp: Lair:2-3    Shoals: Lair:2-3     Snake: Lair:2-3    Spider: Lair:2-3

Altars:
Ashenzari
Cheibriados
Dithmenos
Elyvilon
Fedhas
Gozag
Hepliaklqana
Kikubaaqudgha
Makhleb
Nemelex Xobeh
Okawaru
Qazlal
Ru
Sif Muna
Trog
Uskayaw
Vehumet
Wu Jian
Xom
Yredelemnul
Zin
The Shining One

Shops:
D:2 :   D:4 (   D:7 ?

Annotations:
D:4 2 runed translucent doors, samurai2's ghost, amateur MiFi
D:10 Erolcha


Message History

The seven-headed hydra misses you.
The seven-headed hydra closely misses you.
The seven-headed hydra completely misses you.
The seven-headed hydra closely misses you.
The seven-headed hydra bites you.
The seven-headed hydra completely misses you.
Casting: Sticky Flame (dangerous; 1% risk of failure)
Confirm with . or Enter, or press ? or * to list all spells.
Aiming: Sticky Flame (dangerous; 1% risk of failure)
Press: ? - help, Shift-Dir - straight line, f/p - seven-headed hydra
Aim: a seven-headed hydra (moderately wounded, covered in liquid flames)
The sticky flame hits the seven-headed hydra.
The seven-headed hydra is moderately wounded.
The seven-headed hydra burns!
The seven-headed hydra misses you. The seven-headed hydra bites you.
The seven-headed hydra bites you!
The seven-headed hydra bites you but does no damage. x2
The seven-headed hydra bites you. The seven-headed hydra bites you!
Okay, then.
You are confused.
You feel invigorated.
The seven-headed hydra burns!
The seven-headed hydra closely misses you.
The seven-headed hydra misses you.
The seven-headed hydra bites you but does no damage.
The seven-headed hydra closely misses you.
The seven-headed hydra bites you. The seven-headed hydra misses you.
The seven-headed hydra closely misses you.
The seven-headed hydra burns!
The seven-headed hydra bites you but does no damage.
The seven-headed hydra completely misses you.
The seven-headed hydra bites you! x2
* * * LOW HITPOINT WARNING * * *
The seven-headed hydra bites you!
* * * LOW HITPOINT WARNING * * *
The seven-headed hydra completely misses you. x2
In your confused state, you trip and fall back down the stairs.
* * * LOW HITPOINT WARNING * * *
You feel less invigorated.
You feel less confused.
The seven-headed hydra burns!
The seven-headed hydra bites you.
You die...

.....$....
........#
.P.....#
.....P# .
##.....
...#P....#
.........#
#...@.#
##..D.# #..†.#
.......
.........
............
.............
..............


You could see a seven-headed hydra (burning).

Vanquished Creatures
  Nergalle (Orc:1)
  Pikel (D:6)
  Joseph (D:8)
  2 cane toads (Lair:1)
  Maggie (D:8)
  A rime drake (Lair:2)
  Jeremiah (D:8)
  3 komodo dragons (Lair:1)
  A polar bear (Lair:1)
  3 trolls
  5 blink frogs
  A wyvern (D:7)
  Grum (D:9)
  A basilisk (Lair:2)
  A warg (Orc:1)
  20 yaks
  A steam dragon (D:9)
  4 water moccasins (Lair:1)
  An ice beast (D:6)
  A sky beast (D:8)
  5 orc warriors
  5 black bears
  An ogre (Orc:1)
  3 centaurs
  6 wolves
  3 lemures (D:5)
  4 kobold brigands (Sewer)
  7 bullfrogs
  2 gnoll sergeants
  5 scorpions
  15 wights
  24 killer bees
  5 howler monkeys
  A bombardier beetle (D:5)
  2 jellies
  5 orc priests
  3 hounds
  5 iguanas
  8 orc wizards
  Natasha (thrice) (D:4)
  14 gnolls
  9 adders
  7 river rats
  3 shadow imps
  A white imp (D:7)
  4 ufetubi (D:7)
  2 dart slugs
  2 ribbon worms
  32 orcs
  10 ball pythons
  8 endoplasms
  4 giant cockroaches
  4 goblins (D:1)
  4 hobgoblins
  10 jackals
  22 kobolds
  2 quokkas (D:1)
  3 bats
  8 frilled lizards
  28 rats
340 creatures vanquished.

Notes
Turn   | Place    | Note
-------+----------+-------------------------------------------
     0 | D:1      | samcosmo the Deep Elf Alchemist began the quest for the
                  | Orb.
     0 | D:1      | Reached XP level 1. HP: 10/10 MP: 6/6
   222 | D:1      | Reached XP level 2. HP: 15/16 MP: 2/8
  1148 | D:1      | Reached XP level 3. HP: 20/20 MP: 6/10
  1259 | D:2      | Learned a level 2 spell: Mercury Vapours
  1263 | D:2      | Learned a level 3 spell: Mephitic Cloud
  1406 | D:2      | Reached skill level 4 in Spellcasting
  1662 | D:2      | Reached skill level 1 in Fighting
  1757 | D:2      | Reached XP level 4. HP: 25/25 MP: 7/12
  2352 | D:2      | Found Xoqecagg's Vocational Training.
  2906 | D:3      | Reached skill level 5 in Spellcasting
  2906 | D:3      | Reached XP level 5. HP: 29/29 MP: 0/14
  3697 | D:4      | Noticed Natasha
  3706 | D:4      | Killed Natasha
  3764 | D:4      | Found a runed translucent door.
  3768 | D:4      | Noticed samurai2's ghost (amateur MiFi)
  3797 | D:4      | Learned a level 4 spell: Sticky Flame
  3961 | D:4      | You fall into a shaft and drop 2 floors!
  3995 | D:6      | Noticed an ice beast
  4004 | D:6      | Killed an ice beast
  4005 | D:6      | Reached XP level 6. HP: 27/35 MP: 11/16
  4050 | D:6      | Reached skill level 6 in Spellcasting
  4050 | D:6      | Reached skill level 1 in Fire Magic
  4310 | D:6      | Found a glowing drain.
  4335 | Sewer    | Entered a sewer
  4778 | Sewer    | Reached XP level 7. HP: 33/40 MP: 15/19
  4844 | Sewer    | Reached skill level 7 in Spellcasting
  5197 | Sewer    | Reached skill level 5 in Alchemy
  5440 | D:5      | Entered Level 5 of the Dungeon
  5573 | D:5      | Reached skill level 5 in Dodging
  5587 | D:4      | Found a white marble altar of Elyvilon.
  5587 | D:4      | Found a burning altar of Makhleb.
  5587 | D:4      | Found a hide-covered altar of Uskayaw.
  5587 | D:4      | Found a bloodstained altar of Trog.
  5591 | D:4      | Found an iron altar of Okawaru.
  5990 | D:4      | Found Xucao's Weapon Emporium.
  5991 | D:4      | Noticed Natasha
  5997 | D:4      | Killed Natasha
  5998 | D:4      | Reached XP level 8. HP: 46/46 MP: 13/21
  6128 | D:4      | Noticed Natasha
  6137 | D:4      | Killed Natasha
  6138 | D:4      | Reached skill level 8 in Spellcasting
  6492 | D:4      | Found a runed translucent door.
  6679 | D:5      | Found a snail-covered altar of Cheibriados.
  6887 | D:5      | Found a shimmering altar of Xom.
  6932 | D:5      | Found a sparkling altar of Nemelex Xobeh.
  6935 | D:5      | Identified the +0 chain mail "Dioxoade" {rC+ SInv Stlth+}
  6949 | D:5      | Reached skill level 9 in Spellcasting
  7844 | D:6      | Found a staircase to the Ecumenical Temple.
  7853 | Temple   | Entered the Ecumenical Temple
  7867 | Temple   | Became a worshipper of Sif Muna the Loreminder
  7893 | D:6      | Noticed a troll
  7905 | D:6      | Killed a troll
  7935 | D:6      | Noticed Pikel
  8156 | D:6      | Killed Pikel
  8157 | D:6      | Reached XP level 9. HP: 52/52 MP: 17/24
  8494 | D:6      | Reached skill level 10 in Spellcasting
  8644 | D:6      | Learned a level 4 spell: Olgreb's Toxic Radiance
  8838 | D:7      | Reached skill level 1 in Invocations
  9572 | D:7      | Found Bolynutz's Magic Scroll Shoppe.
  9806 | D:8      | Reached * piety under Sif Muna
  9841 | D:8      | Reached skill level 5 in Fighting
  9841 | D:8      | Reached XP level 10. HP: 56/59 MP: 21/26
  9881 | D:8      | Found a staircase to the Lair.
 10243 | D:8      | Noticed Jeremiah
 10254 | D:8      | Killed Jeremiah
 10688 | D:8      | Noticed Joseph
 10700 | D:8      | Killed Joseph
 10707 | D:8      | Reached skill level 11 in Spellcasting
 10903 | D:8      | Noticed Maggie
 10908 | D:8      | Killed Maggie
 11245 | D:9      | Found a staircase to the Orcish Mines.
 11263 | D:9      | Reached skill level 10 in Alchemy
 11263 | D:9      | Reached ** piety under Sif Muna
 11431 | D:9      | Noticed Grum
 11444 | D:9      | Killed Grum
 11700 | D:9      | Found an opulent altar of Gozag.
 12043 | D:9      | Found a glowing golden altar of the Shining One.
 12043 | D:9      | Found a hazy altar of Hepliaklqana.
 12066 | D:9      | Reached XP level 11. HP: 49/64 MP: 8/28
 12319 | D:10     | Entered Level 10 of the Dungeon
 12780 | D:10     | Reached *** piety under Sif Muna
 12791 | D:10     | Reached skill level 5 in Invocations
 12793 | D:10     | Noticed Erolcha
 13114 | Orc:1    | Entered Level 1 of the Orcish Mines
 13142 | Orc:1    | Noticed Nergalle
 13155 | Orc:1    | Killed Nergalle
 13156 | Orc:1    | Reached skill level 12 in Spellcasting
 13612 | Lair:1   | Entered Level 1 of the Lair of Beasts
 13703 | Lair:1   | Reached skill level 10 in Dodging
 13873 | Lair:1   | Identified the +0 pair of boots of Fun and Games {rPois
                  | rCorr Dex+3}
 14963 | Lair:2   | Reached skill level 13 in Spellcasting
 14968 | Lair:2   | Reached skill level 5 in Fire Magic
 14981 | Lair:1   | Reached **** piety under Sif Muna
 15153 | Lair:2   | Reached XP level 12. HP: 72/72 MP: 21/31
 15203 | Lair:2   | Noticed a seven-headed hydra
 15229 | Lair:2   | HP: 2/72 [seven-headed hydra (12)]
 15230 | Lair:2   | Slain by a seven-headed hydra

Illustrated notes

Levels and vault maps discovered:
D:1:      spicycebolla_arrival_xxxplode, layout_basic, minmay_misc_feat_room,
          minmay_pentomino_v2
D:2:      layout_basic, nrook_uturn, nicolae_shop_vocational
D:3:      layout_basic, grunt_decor_arrowhead
D:4:      layout_basic, nicolae_overflow_hidden_temple, ebering_ghost_sewer_f,
          serial_shops, shop, uniq_natasha
D:5:      wad_woods_stonehenge, layout_basic, lemuel_tele_altar,
          mainiacjoe_overflow_brackets
D:6:      hellmonk_ruined_rings, layout_rooms, temple_statues,
          portal_sewer_entry_a, kb_rosetta, uniq_pikel
D:7:      layout_rooms, nicolae_take_the_stairs
D:8:      nicolae_cairo_tiling_large_dashed, layout_basic, uniq_jeremiah,
          uniq_maggie, uniq_joseph
D:9:      layout_small_grid, jmf_multi_god_temple, nicolae_gozag_seed_capital,
          orc_0_dummy, uniq_grum
D:10:     minmay_recursive_quarters, layout_cave_pods, uniq_erolcha
Temple:   nicolae_temple_slightly_damp_pantheon
Lair:1:   layout_regular_city, grunt_megastairs_2
Lair:2:   layout_regular_city, minmay_shoals_entry_beasts,
          nicolae_snake_entry_squirm, basic_altar
Orc:1:    layout_caves, uniq_nergalle

Skill      XL: |  1  2  3  4  5  6  7  8  9 10 11 |
---------------+----------------------------------+-----
Dodging        | 3 4 5 6 7 9 10 | 10.8
Spellcasting   | 4 5 6 7 9 10 11 13 | 13.1
Fighting       | 1 2 3 4 5 7 |  7.3
Alchemy        | 4 5 7 8 10 11 | 11.0
Fire Magic     | 1 2 3 5 |  5.3
Invocations    | 2 4 5 |  5.0
Stealth        | |  2.4
Conjurations   | |  1.1

Action                     |  1- 3 |  4- 6 |  7- 9 | 10-12 || total
---------------------------+-------+-------+-------+-------++-------
  Melee: Unarmed           |     9 |       |       |       ||     9
         Dagger            |     2 |    45 |     9 |       ||    56
         Short sword       |       |     6 |       |       ||     6
         Punch             |       |     1 |     1 |     1 ||     3
         Staff             |       |       |    17 |    55 ||    72
   Cast: Sting             |    82 |   150 |   235 |   163 ||   630
         Mephitic Cloud    |     1 |     3 |    14 |    17 ||    35
         Mercury Vapours   |       |     6 |    13 |    23 ||    42
         Sticky Flame      |       |     1 |    14 |    25 ||    40
         Olgreb's Toxic Ra |       |       |     6 |    40 ||    46
    Use: Scroll            |       |    16 |    11 |     3 ||    30
         Potion            |       |       |     1 |     5 ||     6
   Stab: Sleeping          |     1 |     1 |       |     1 ||     3
         Confused          |       |       |       |     1 ||     1
 Armour: Robe              |    20 |    48 |    93 |   116 ||   277
         Skin              |       |       |       |    32 ||    32
  Dodge: Dodged            |    20 |    47 |   123 |   182 ||   372
